 Dungeon Crawl Stone Soup version 0.26-a0-651-gb41185065b (webtiles) character file.

Game seed: 14255899565090446187

115 Lanoc the Shooter (level 4, -2/26 HPs)
             Began as a Deep Elf Wanderer on Oct 11, 2020.
             Was an Initiate of Okawaru.
             Slain by a scorpion (7 damage)
             ... on level 4 of the Dungeon.
             The game lasted 00:02:57 (1142 turns).

Lanoc the Shooter (Deep Elf Wanderer)               Turns: 1142, Time: 00:02:58

Health: -2/26      AC:  5    Str: 11    XL:     4   Next: 68%
Magic:  8/8        EV: 10    Int: 18    God:    Okawaru [......]
Gold:   103        SH:  0    Dex: 14    Spells: 6/6 levels left

rFire    + . .     SeeInvis .   a - +2 shortbow
rCold    + . .     Faith    .   (shield currently unavailable)
rNeg     . . .     Spirit   .   c - +0 ring mail
rPois    +         Reflect  .   (helmet restricted)
rElec    +         Harm     .   (no cloak)
rCorr    +         Rampage  .   (no gloves)
MR       .....     Rnd*Rage +   (no boots)
Stlth    +.........             (no amulet)
HPRegen  0.08/turn              i - ring of flight
MPRegen  0.11/turn              (no ring)

@: resistant
A: horns 1, talons 1, berserk 1, clever 1
a: Renounce Religion, Evoke Flight


You were on level 4 of the Dungeon.
You worshipped Okawaru.
Okawaru was noncommittal.
You visited 1 branch of the dungeon, and saw 4 of its levels.

You collected 103 gold pieces.

Inventory:

Hand Weapons
 a - a +2 shortbow (weapon)
Missiles
 b - 7 arrows (quivered)
Armour
 c - a +0 ring mail (worn)
Jewellery
 i - a ring of flight (left hand)
Scrolls
 f - 3 scrolls of identify {unknown}
 g - 2 scrolls of teleportation {unknown}
 j - a scroll of fear {unknown}
Potions
 d - a potion of lignification
 h - a potion of mutation


   Skills:
 + Level 1.8 Fighting
 * Level 4.7 Bows
 - Level 1.8 Armour
 + Level 1.7 Dodging
 - Level 1.5 Spellcasting
   Level 1.2 Necromancy
   Level 1.1 Translocations
 + Level 1.5 Invocations
 - Level 2.1 Evocations


You had 6 spell levels left.
You didn't know any spells.
Your spell library was empty.

Dungeon Overview and Level Annotations

Branches:
Dungeon (4/15)
 Temple: D:4-7

Altars:
Ashenzari
Okawaru
Xom


Innate Abilities, Weirdness & Mutations

You have a pair of small horns on your head.
You have sharp toenails.
You tend to lose your temper in combat.
Your mind is acute. (Int +2)


Message History

You shoot an arrow. The arrow closely misses the scorpion.
The scorpion closely misses you.
It was a potion of resistance.
You feel protected.
The scorpion stings you but does no damage.
It was a potion of mutation.
You feel extremely strange.
Your toenails lengthen and sharpen.
You feel a little pissed off. A pair of horns grows on your head!
You feel clever. The scorpion stings you.
* * * LOW HITPOINT WARNING * * *
The scorpion barely misses you. The scorpion stings you.
* * * LOW HITPOINT WARNING * * *
You see here an arrow.
You see here an arrow.
You see here 26 arrows.
You see here 7 arrows.
b - 7 arrows The scorpion stings you!
You die...

#######รท####
#......# #...........
......# #.#####W####
.....#####.###.....sO
..... ............>#
## #...#
#........####
....#...#
#........####
........#
#............ #@##
#.......##### #s.#
#)......##### #..#
#.......'.... #(.#
#.......##### #(.#
#..#+#.[..### #..#
#............ #(.#
#.##.#.#.....
#..###.##.#.......
#...##.##.........


You could see a scorpion.

Vanquished Creatures
  2 orc wizards (D:3)
  2 hound skeletons (D:4)
  An adder (D:4)
  A leopard gecko (D:3)
  5 orcs (D:3)
  2 bats
  A goblin (D:3)
  2 hobgoblins (D:1)
  2 kobolds
  A ball python (D:3)
  A rat (D:1)
20 creatures vanquished.

Vanquished Creatures (others)
  6 plants (D:3)
6 creatures vanquished.

Grand Total: 26 creatures vanquished

Notes
Turn   | Place    | Note
-------+----------+-------------------------------------------
     0 | D:1      | Lanoc the Deep Elf Wanderer began the quest for the Orb.
     0 | D:1      | Lanoc set off with the following items: a +2 shortbow, 27
                  | arrows, a +0 ring mail, a potion of lignification
     0 | D:1      | Reached XP level 1. HP: 12/12 MP: 5/5
   165 | D:1      | Reached skill level 3 in Bows
   351 | D:3      | Reached XP level 2. HP: 16/16 MP: 6/6
   428 | D:3      | Found an iron altar of Okawaru.
   441 | D:3      | Became a worshipper of Warmaster Okawaru
   561 | D:3      | Reached skill level 4 in Bows
   561 | D:3      | Reached skill level 1 in Dodging
   561 | D:3      | Reached XP level 3. HP: 19/20 MP: 7/7
   577 | D:3      | Reached skill level 1 in Invocations
   577 | D:3      | Reached XP level 4. HP: 26/26 MP: 8/8
   636 | D:3      | Found a broken altar of Ashenzari.
   951 | D:4      | Noticed a phantom
   953 | D:4      | Found a shimmering altar of Xom.
   953 | D:4      | Noticed an ogre
  1134 | D:4      | Gained mutation: You have sharp toenails. [potion of
                  | mutation]
  1134 | D:4      | Gained mutation: You tend to lose your temper in combat.
                  | [potion of mutation]
  1134 | D:4      | Gained mutation: You have a pair of small horns on your
                  | head. [potion of mutation]
  1134 | D:4      | Gained mutation: Your mind is acute. (Int +2) [potion of
                  | mutation]
  1142 | D:4      | Slain by a scorpion

Illustrated notes

Levels and vault maps discovered:
D:1:      minmay_arrival_widening_spiral_narrow, layout_loops_ring
D:2:      layout_basic, chequers_ecumenical_altar_grove, grunt_dithmenos_smoke,
          uniq_crazy_yiuf_cottage
D:3:      wad_lake_hut, layout_loops_ring, lemuel_doored_altar,
          okawaru_gym_becter, serial_park_tiny_2, uniq_terence, uniq_ijyb
D:4:      layout_basic, minmay_ruined_shrine

Skill      XL: |  1  2  3 |
---------------+----------+-----
Bows           | 3 4 |  4.7
Dodging        | 1 |  1.7
Invocations    | 1 |  1.5
Fighting       | |  1.8
Armour         | |  1.8
Spellcasting   | |  1.5
Necromancy     | |  1.2
Translocations | |  1.1
Evocations     | |  2.1

Action                   |  1- 3 |  4- 6 || total
-------------------------+-------+-------++-------
 Fire: Shortbow          |    53 |    47 ||   100
  Use: Potion            |       |     2 ||     2
Armor: Ring mail         |     8 |    12 ||    20
Dodge: Dodged            |     7 |    19 ||    26

Table legend: (Time is in decaauts)
 A = Elapsed time spent in this place.
 B = Non-inter-level travel time spent in this place.
 C = Inter-level travel time spent in this place.
 D = Time resting spent in this place.
 E = Time spent auto-exploring this place.
 F = Levels seen in this place.
 G = Mean time per level.
                   A        B        C        D        E       F      G
               +--------+--------+--------+--------+--------+-----+--------+
         Total |   1152 |   1078 |     74 |      0 |    812 |   4 |  288.0 |
       Dungeon |   1152 |   1078 |     74 |      0 |    812 |   4 |  288.0 |
               +--------+--------+--------+--------+--------+-----+--------+

Top non-repeatable levels by time:
     D:3: 559 daAuts
     D:4: 365 daAuts
     D:1: 203 daAuts
     D:2: 23 daAuts
